 Dungeon Crawl Stone Soup version 0.28.0-1-gb440e238dd (webtiles) character file.

Game seed: 8165327222144179813

108 croobank the Firebug (level 4, -3/32 HPs)
             Began as a Gnoll Fire Elementalist on Feb 21, 2022.
             Was a Believer of Qazlal.
             Slain by a gnoll (4 damage)
             ... on level 3 of the Dungeon.
             The game lasted 00:07:21 (2742 turns).

croobank the Firebug (Gnoll Fire Elementalist)      Turns: 2742, Time: 00:07:22

Health: -3/32      AC:  2    Str: 10    XL:     4   Next: 87%
Magic:  11/11      EV: 13    Int: 14    God:    Qazlal [**....]
Gold:   73         SH:  2    Dex: 12    Spells: 10/13 levels left

rFire   . . .      SeeInvis .   e - +0 whip
rCold   . . .      Faith    .   (no shield)
rNeg    . . .      Spirit   .   a - +0 robe
rPois   .          Reflect  .   (no helmet)
rElec   .          Harm     .   (no cloak)
rCorr   .          Rampage  .   (no gloves)
Will    .....                   (no boots)
Stlth   ++........              n - amulet of magic regeneration
HPRegen 0.10/turn               (no ring)
MPRegen 0.52/turn               (no ring)

@: invisible
A: fangs 1, strong nose, distributed training
a: Renounce Religion, Upheaval


You were on level 3 of the Dungeon.
You worshipped Qazlal.
Qazlal was pleased with you.
You visited 1 branch of the dungeon, and saw 3 of its levels.

You collected 73 gold pieces.

Inventory:

Hand Weapons
 b - a +0 hunting sling
 e - a +0 whip (weapon)
Missiles
 g - 38 arrows
 k - 73 stones
 q - 5 poisoned darts
Armour
 a - a +0 robe (worn)
 o - a +0 chain mail
Jewellery
 n - an amulet of magic regeneration (around neck)
 p - an amulet of guardian spirit
Scrolls
 d - a scroll of vulnerability {unknown}
 h - a scroll of immolation {unknown}
 j - 2 scrolls of noise
 l - a scroll of identify {unknown}
 m - a scroll of amnesia {unknown}
Potions
 f - a potion of attraction {unknown}
 i - a potion of ambrosia {unknown}
 r - a potion of curing {unknown}


   Skills:
 + Level 1.2 Fighting
 + Level 1.2 Short Blades
 + Level 1.2 Long Blades
 + Level 1.2 Axes
 + Level 1.2 Maces & Flails
 + Level 1.2 Polearms
 + Level 1.2 Staves
 + Level 1.2 Slings
 + Level 1.2 Bows
 + Level 1.2 Crossbows
 + Level 1.2 Throwing
 + Level 1.2 Armour
 + Level 4.7 Dodging
 + Level 4.3 Stealth
 + Level 1.2 Shields
 + Level 1.2 Unarmed Combat
 + Level 5.1 Spellcasting
 + Level 2.3 Conjurations
 + Level 1.0 Hexes
 + Level 1.0 Summonings
 + Level 1.0 Necromancy
 + Level 1.0 Translocations
 + Level 1.0 Transmutations
 + Level 5.5 Fire Magic
 + Level 1.0 Ice Magic
 + Level 1.0 Air Magic
 + Level 1.0 Earth Magic
 + Level 1.0 Poison Magic
 + Level 1.4 Invocations
 + Level 1.2 Evocations


You had 10 spell levels left.
You knew the following spells:

 Your Spells              Type           Power      Damage    Failure   Level
a - Foxfire               Conj/Fire      56%        2x1d6     3%          1
b - Scorch                Fire           38%        2d7       2%          2

Your spell library contained the following spells:

 Spells                   Type           Power      Damage    Failure   Level
 Conjure Flame            Conj/Fire      14%        6-21      11%         3
 Inner Flame              Hex/Fire       12%        N/A       14%         3
 Flame Wave               Conj/Fire      14%        2d6       34%         4


Dungeon Overview and Level Annotations

Branches:
Dungeon (3/15)

Altars:
Nemelex Xobeh
Qazlal


Innate Abilities, Weirdness & Mutations

You have very sharp teeth.
Your uncanny sense of smell can sniff out nearby items.
Your experience applies equally to all skills.


Message History

You block the gnoll's attack.
You hit the gnoll shaman but do no damage.
The gnoll shaman is moderately wounded.
The gnoll hits you with a +0 whip!
The gnoll shaman calls upon its god to speed up the gnoll.
The gnoll seems to speed up.
You hit the gnoll shaman but do no damage.
The gnoll shaman is moderately wounded.
The gnoll hits you with a +0 whip.
The gnoll shaman hits you with a +0 club.
The gnoll hits you with a +0 whip.
* * * LOW HITPOINT WARNING * * *
Aiming: Upheaval
Press: ? - help, Dir - move target
There is a wall there.
Okay, then.
Aiming: Upheaval
Press: ? - help, Dir - move target, f - gnoll
Aim: a gnoll, wielding a +0 whip (fast)
The ground shakes violently, spewing rubble!
The blast of rubble hits the gnoll!
You kill the gnoll!
Qazlal accepts your kill. The gnoll completely misses you.
The gnoll shaman calls upon its god to speed up the gnoll.
The gnoll seems to speed up.
It was a potion of invisibility.
You fade into invisibility!
The gnoll shaman mumbles some strange prayers to its god against you.
The gnoll is outlined in light.
The gnoll hits you with a +0 mace.
* * * LOW HITPOINT WARNING * * *
The gnoll shouts!
Okay, then.
The gnoll misses you. The gnoll hits you with a +0 mace.
* * * LOW HITPOINT WARNING * * *
The gnoll stops glowing.
You block the gnoll's attack.
Found a club.
The gnoll hits you with a +0 mace.
You die...

..#.##.....# #.#
#.# .##.##.###.#
#.# #g# .##.##.#
# #.# #.#
.......# #.# #g#
.###...# #.# #g#
.# #.... # #.#
#.# .# #....
#.##.#†###g##.#
.. ....
.........g.....#
..
.#####..@##.####
#. #..........
#.......#.##
#...P......#
#......P...#
#..........#
#...)...P..#
#.........##


You could see a gnoll shaman and a gnoll (fast).

Vanquished Creatures
  5 gnolls
  A worm (D:2)
  A dart slug (D:1)
  10 ball pythons
  6 bats
  5 endoplasms
  2 giant cockroaches (D:2)
  7 goblins
  6 hobgoblins
  A quokka (D:1)
  A frilled lizard (D:2)
  3 kobolds
  6 rats
  3 foxfires
57 creatures vanquished.

Vanquished Creatures (others)
  93 foxfires
  19 plants (D:3)
112 creatures vanquished.

Grand Total: 169 creatures vanquished

Notes
Turn   | Place    | Note
-------+----------+-------------------------------------------
     0 | D:1      | croobank the Gnoll Fire Elementalist began the quest for
                  | the Orb.
     0 | D:1      | Reached XP level 1. HP: 13/13 MP: 6/6
   108 | D:1      | Found a faded altar of an unknown god.
   146 | D:1      | Prayed at the altar of an unknown god.
   146 | D:1      | Became a worshipper of Qazlal Stormbringer
   146 | D:1      | Reached * piety under Qazlal
   195 | D:1      | Reached XP level 2. HP: 14/19 MP: 5/7
   212 | D:1      | Learned a level 2 spell: Scorch
   990 | D:1      | Reached XP level 3. HP: 23/25 MP: 7/9
  1088 | D:1      | Reached skill level 5 in Spellcasting
  1377 | D:2      | Reached ** piety under Qazlal
  1487 | D:2      | Reached skill level 1 in Invocations
  1641 | D:2      | Reached skill level 1 in Fighting
  1641 | D:2      | Reached skill level 1 in Short Blades
  1641 | D:2      | Reached skill level 1 in Long Blades
  1641 | D:2      | Reached skill level 1 in Axes
  1641 | D:2      | Reached skill level 1 in Maces & Flails
  1641 | D:2      | Reached skill level 1 in Polearms
  1641 | D:2      | Reached skill level 1 in Staves
  1641 | D:2      | Reached skill level 1 in Slings
  1641 | D:2      | Reached skill level 1 in Bows
  1641 | D:2      | Reached skill level 1 in Crossbows
  1641 | D:2      | Reached skill level 1 in Throwing
  1641 | D:2      | Reached skill level 1 in Armour
  1641 | D:2      | Reached skill level 1 in Shields
  1641 | D:2      | Reached skill level 1 in Unarmed Combat
  1641 | D:2      | Reached skill level 1 in Evocations
  2052 | D:2      | Reached XP level 4. HP: 32/32 MP: 7/11
  2079 | D:2      | Reached skill level 1 in Hexes
  2079 | D:2      | Reached skill level 1 in Summonings
  2079 | D:2      | Reached skill level 1 in Necromancy
  2079 | D:2      | Reached skill level 1 in Translocations
  2079 | D:2      | Reached skill level 1 in Transmutations
  2079 | D:2      | Reached skill level 1 in Ice Magic
  2079 | D:2      | Reached skill level 1 in Air Magic
  2079 | D:2      | Reached skill level 1 in Earth Magic
  2079 | D:2      | Reached skill level 1 in Poison Magic
  2640 | D:3      | Found a sparkling altar of Nemelex Xobeh.
  2738 | D:3      | HP: 1/32 [gnoll (2)]
  2742 | D:3      | Slain by a gnoll

Illustrated notes

Levels and vault maps discovered:
D:1:      scummos_arrival_forest, layout_loops_ring,
          shapermc_ecumenical_altar_gd
D:2:      layout_basic
D:3:      layout_loops_ring, mainiacjoe_overflow_brackets,
          nicolae_overflow_crystal_walls, nicolae_grassy_gnolls

Skill      XL: |  1  2  3  4 |
---------------+-------------+-----
Conjurations   | 2 |  2.3
Spellcasting   | 5 |  5.1
Invocations    | 1 |  1.4
Fighting       | 1 |  1.2
Short Blades   | 1 |  1.2
Long Blades    | 1 |  1.2
Axes           | 1 |  1.2
Maces & Flails | 1 |  1.2
Polearms       | 1 |  1.2
Staves         | 1 |  1.2
Slings         | 1 |  1.2
Bows           | 1 |  1.2
Crossbows      | 1 |  1.2
Throwing       | 1 |  1.2
Armour         | 1 |  1.2
Shields        | 1 |  1.2
Unarmed Combat | 1 |  1.2
Evocations     | 1 |  1.2
Hexes          | 1 |  1.0
Summonings     | 1 |  1.0
Necromancy     | 1 |  1.0
Translocations | 1 |  1.0
Transmutations | 1 |  1.0
Ice Magic      | 1 |  1.0
Air Magic      | 1 |  1.0
Earth Magic    | 1 |  1.0
Poison Magic   | 1 |  1.0
Dodging        | |  4.7
Stealth        | |  4.3
Fire Magic     | |  5.5

Action                   |  1- 3 |  4- 6 || total
-------------------------+-------+-------++-------
Melee: Unarmed           |     9 |       ||     9
       Bite              |     4 |     1 ||     5
       Whip              |    25 |    10 ||    35
 Cast: Foxfire           |    51 |     8 ||    59
       Scorch            |     9 |     5 ||    14
Invok: Upheaval          |       |     1 ||     1
  Use: Scroll            |     2 |       ||     2
       Potion            |       |     1 ||     1
Armor: Robe              |    13 |     1 ||    14
Dodge: Dodged            |    29 |    14 ||    43
Block: Other             |     4 |     3 ||     7
